Map: 光影交错-天梯版

Players

夜蝶蝶蝶蝶蝶蝶蝶 (Firefly)

  • Race: Protoss Protoss
  • League: Master

iGXY (XY) - Winner!

  • Race: Terran Terran

Event: DreamHack SC2 Masters 2020 Winter

VOD

Have the link to the VOD?

Description

Time

  • Played on: Oct. 29, 2020, 9:22 a.m.
  • Length: 12:19

All games in this series

Show
View Real Time Build Order
Export as new Build Order

夜蝶蝶蝶蝶蝶蝶蝶 Protoss 

Build Orders:  

Get SALT Encoding   

  12  0:00  Probe  
  13  0:12  Probe  
  14  0:17  Pylon  
  14  0:24  Probe (Chrono Boost)  
  15  0:37  Probe (Chrono Boost)  
  15  0:39  Gateway  
  16  0:45  Probe (Chrono Boost)  
  16  0:47  Assimilator  
  17  0:51  Probe  
  18  1:03  Probe  
  19  1:13  Pylon  
  19  1:15  Probe  
  20  1:28  Zealot  
  20  1:29  Cybernetics Core  
  22  1:47  Probe  
  23  1:57  Nexus  
  23  2:01  Pylon  
  23  2:04  Stalker (Chrono Boost)  
  25  2:24  Probe  
  25  2:27  Stalker (Chrono Boost)  
  28  2:36  Probe  
  29  2:41  Assimilator  
  29  2:48  Probe  
  29  2:50  Gateway  
  29  2:51  Stalker (Chrono Boost)  
  32  3:00  Probe  
  32  3:02  Gateway  
  33  3:18  Pylon  
  30  3:20  Probe  
  31  3:28  Probe  
  27  3:37  Warp Gate (Chrono Boost)  
  27  3:38  Stalker  
  27  3:41  Pylon  
  28  3:42  Probe x2  
  30  3:54  Probe, Twilight Council  
  31  3:59  Probe  
  30  4:06  Probe  
  31  4:13  Probe  
  32  4:18  Probe  
  35  4:27  Shield Battery  
  36  4:31  Probe  
  36  4:34  Robotics Facility  
  36  4:37  Probe, Pylon  
  35  4:44  Probe  
  36  4:46  Blink (Chrono Boost)  
  36  4:49  Probe  
  37  4:57  Probe (Chrono Boost)  
  38  5:01  Probe (Chrono Boost)  
  38  5:02  Shield Battery  
  40  5:15  Probe (Chrono Boost)  
  40  5:17  Probe (Chrono Boost)  
  40  5:19  Stalker  
  40  5:21  Probe, Observer (Chrono Boost)  
  42  5:25  Probe  
  44  5:33  Probe  
  44  5:34  Pylon  
  45  5:37  Probe  
  45  5:41  Observer  
  47  5:46  Pylon  
  47  5:47  Stalker  
  47  5:48  Probe  
  50  5:52  Stalker  
  50  5:56  Stalker  
  54  6:00  Probe  
  54  6:03  Observer  
  56  6:05  Probe  
  57  6:13  Probe  
  57  6:17  Probe  
  58  6:22  Assimilator  
  58  6:23  Assimilator  
  58  6:26  Probe, Robotics Bay  
  58  6:30  Probe  
  60  6:38  Probe  
  61  6:42  Nexus  
  61  6:52  Probe (Chrono Boost)  
  61  6:53  Probe (Chrono Boost)  
  63  7:00  Stalker x2, Charge  
  67  7:04  Probe (Chrono Boost), Pylon  
  67  7:05  Probe (Chrono Boost)  
  69  7:13  Probe x2 (Chrono Boost)  
  71  7:18  Colossus (Chrono Boost)  
  71  7:19  Probe x2  
  79  7:29  Extended Thermal Lance  
  79  7:31  Probe x2  
  81  7:43  Probe x2  
  83  7:49  Observer  
  83  7:54  Shield Battery  
  83  7:55  Probe x2  
  83  7:56  Gateway  
  83  7:58  Gateway  
  85  8:00  Sentry x3, Gateway  
  85  8:01  Probe  
  92  8:07  Probe x2, Forge  
  92  8:10  Observer  
  94  8:22  Warp Prism (Chrono Boost)  
  99  8:27  Gateway  
  99  8:28  Gateway  
  96  8:37  Nexus  
  96  8:38  Sentry  
  96  8:39  Pylon, Zealot  
  100  8:42  Pylon  
  100  8:45  Pylon  
  100  8:55  Observer x2  
  100  8:58  Stalker x3  
  100  8:59  Stalker  
  100  9:00  Shield Battery  
  106  9:02  Pylon  
  106  9:04  Pylon x2  
  106  9:06  Pylon  
  106  9:08  Pylon  
  104  9:21  Stalker x4  
  104  9:22  Stalker x2  
  116  9:27  Stalker x2  
  120  9:33  Probe x3  
  120  9:34  Colossus (Chrono Boost)  
  120  9:37  Protoss Ground Weapons Level 1 (Chrono Boost)  
  129  9:57  Zealot  
  131  10:04  Zealot x4  
  137  10:08  Zealot x2  
  141  10:19  Nexus  
  133  10:32  Colossus (Chrono Boost)  
  133  10:35  Dark Shrine  
  133  10:41  Zealot x7  
  133  10:42  Zealot  
  141  11:00  Probe x2  
  141  11:01  Pylon  
  141  11:13  Stalker x6  
  141  11:14  Zealot x2  
  141  11:18  Colossus  
  159  11:31  Shield Battery  
  159  11:34  Zealot x2  
  159  11:38  Zealot x6  
  173  11:57  Zealot x2  
  173  11:58  Shield Battery, Dark Templar  
  173  12:00  Pylon  
  173  12:01  Pylon  
  179  12:06  Zealot, Dark Templar x4  
Show
View Real Time Build Order
Export as new Build Order

iGXY Terran - Winner!

Build Orders:  

Get SALT Encoding   

  12  0:00  SCV  
  13  0:12  SCV  
  14  0:17  Supply Depot  
  14  0:24  SCV  
  15  0:39  SCV, Barracks  
  16  0:45  Refinery  
  16  0:51  SCV  
  16  0:54  Refinery  
  17  1:03  SCV  
  18  1:15  SCV  
  19  1:25  Marine  
  19  1:27  Orbital Command  
  20  1:33  Factory  
  20  1:43  Supply Depot  
  20  1:45  Barracks Reactor  
  20  1:53  SCV  
  21  2:05  SCV  
  22  2:17  SCV  
  23  2:25  Hellion x2  
  23  2:29  SCV  
  28  2:34  Command Center  
  28  2:47  Starport  
  28  2:48  Widow Mine  
  30  2:54  Supply Depot  
  30  2:55  SCV  
  31  3:05  Supply Depot  
  31  3:15  SCV  
  31  3:16  Widow Mine  
  32  3:22  Widow Mine  
  32  3:35  SCV  
  32  3:36  Medivac  
  32  3:37  Barracks Tech Lab  
  35  3:47  SCV  
  34  3:49  Orbital Command  
  34  3:50  Armory  
  34  4:00  SCV, Barracks Reactor  
  33  4:10  Bunker  
  33  4:12  SCV  
  33  4:14  Bunker  
  33  4:15  Orbital Command  
  35  4:24  SCV  
  35  4:31  Liberator  
  35  4:38  Command Center  
  38  4:40  Marine x2  
  38  4:42  SCV  
  38  4:45  SCV  
  42  4:51  Widow Mine  
  42  4:52  Drilling Claws  
  44  4:54  Bunker  
  44  4:55  SCV  
  44  4:57  SCV  
  44  4:59  Marine  
  47  5:01  Marine  
  48  5:07  SCV  
  48  5:12  Siege Tank  
  52  5:14  Medivac  
  52  5:16  Marine  
  52  5:18  SCV  
  52  5:19  SCV, Marine  
  58  5:30  SCV  
  58  5:32  SCV  
  58  5:34  Marine, Barracks  
  61  5:36  Marine, Barracks  
  61  5:47  Supply Depot  
  61  5:49  SCV, Supply Depot  
  64  5:50  Siege Tank  
  64  5:52  Orbital Command, Marine  
  64  5:54  Marine  
  64  5:55  Starport Tech Lab  
  64  5:57  SCV  
  67  6:02  SCV  
  67  6:03  Engineering Bay  
  68  6:09  SCV  
  69  6:17  Marine x2  
  69  6:20  SCV x2  
  69  6:22  Siege Tank  
  69  6:24  Barracks Tech Lab  
  74  6:29  Supply Depot, Terran Infantry Weapons Level 1  
  74  6:31  Engineering Bay, Refinery  
  74  6:32  Refinery  
  74  6:33  Missile Turret  
  74  6:34  SCV  
  74  6:35  Starport Reactor  
  74  6:36  Marine  
  74  6:38  Marine  
  77  6:41  SCV x2  
  79  6:49  Stimpack  
  79  6:50  Marine x2  
  79  6:54  Marine  
  80  6:56  Supply Depot, Terran Infantry Armor Level 1  
  80  7:03  SCV  
  80  7:04  SCV  
  80  7:08  Barracks x2  
  82  7:13  Marauder x2, Marine x2  
  88  7:18  Supply Depot  
  88  7:20  Siege Tank  
  91  7:24  Supply Depot  
  91  7:25  SCV x2  
  91  7:28  Medivac  
  95  7:32  Medivac  
  97  7:39  SCV  
  97  7:41  Marauder  
  97  7:42  Marauder, Marine x2  
  102  7:44  SCV  
  101  7:52  Siege Tank  
  101  7:57  Barracks Tech Lab  
  104  7:59  Barracks Reactor  
  104  8:00  Marine x2  
  104  8:01  Supply Depot x2  
  104  8:02  Marine x2  
  108  8:07  SCV x2  
  108  8:11  Orbital Command  
  110  8:17  Marine  
  110  8:18  Marine  
  111  8:20  SCV, Marine x2  
  111  8:23  Marauder  
  111  8:25  Siege Tank  
  111  8:26  SCV  
  119  8:32  SCV, Armory  
  119  8:34  Refinery  
  120  8:35  Marine  
  120  8:38  SCV, Marauder, Refinery  
  120  8:39  Marauder  
  120  8:41  SCV  
  127  8:44  SCV  
  127  8:46  Marauder, Marine x2  
  127  8:47  Marine  
  133  8:50  SCV  
  133  8:53  SCV, Medivac  
  135  8:58  Marine  
  135  9:00  Marauder  
  141  9:04  Supply Depot x2, Combat Shield  
  141  9:05  Concussive Shells, Marine x2  
  141  9:06  Marauder  
  141  9:07  Marauder  
  146  9:10  Ghost Academy  
  146  9:14  Command Center  
  146  9:18  Medivac  
  146  9:22  Marine x4, Terran Infantry Weapons Level 2  
  146  9:23  Marine  
  150  9:26  Marine  
  151  9:32  Terran Infantry Armor Level 2  
  151  9:37  Supply Depot, Marine  
  152  9:39  Supply Depot  
  152  9:45  Missile Turret  
  152  9:46  Siege Tank  
  152  9:48  Missile Turret  
  155  9:53  Viking  
  155  9:57  Viking  
  155  10:02  Marauder x2, Marine  
  160  10:11  Marauder, Marine  
  160  10:12  Marine  
  162  10:23  Marauder, Siege Tank  
  162  10:25  Marauder, Marine x2  
  167  10:29  Marine  
  167  10:31  Viking x2  
  167  10:32  Marauder  
  174  10:36  Marine  
  174  10:39  Missile Turret  
  175  10:43  Marine x2  
  175  10:44  Marauder  
  174  10:51  Marauder, Marine  
  174  10:53  Marauder  
  174  10:54  Marine  
  180  11:01  SCV, Marine x2  
  183  11:04  Medivac x2  
  183  11:05  Marine  
  183  11:09  Marine  
  187  11:11  Marine  
  187  11:13  Marauder  
  187  11:15  Marauder  
  189  11:19  Marine  
  189  11:20  Planetary Fortress  
  189  11:21  SCV x2  
  192  11:33  Marauder, Marine x3  
  192  11:34  Marauder  
  192  11:36  Missile Turret  
Tags
 
Add a new tag
Caveats
  • Supply blocks, unpowered buildings, or Contaminate may cause inaccurate times.
  • Supply counts are checked every 10 seconds.